 Dungeon Sprint DCSS version 0.22-a0-367-gb72a975701 (webtiles) character file.

914 KillingSpree the Slicer (level 7, -2/41 HPs)
             Began as a Spriggan Berserker on Apr 22, 2018.
             Was a High Priest of Trog.
             Killed from afar by a manticore (15 damage)
             ... with a volley of spikes
             ... in the Dungeon (Sprint IX: "|||||||||||||||||||||||||||||").
             The game lasted 00:01:07 (556 turns).

KillingSpree the Slicer (Spriggan Berserker)         Turns: 556, Time: 00:01:08

Health: -2/41      AC:  3    Str: 13    XL:     7   Next: 82%
Magic:  8/8        EV: 27    Int:  9    God:    Trog [*****.]
Gold:   0          SH:  0    Dex: 17    Spells: 6/6 levels left

rFire    . . .     SeeInvis +   m - +2 rapier (distort)
rCold    . . .     Gourm    .   (shield restricted)
rNeg     . . .     Faith    .   b - +0 animal skin
rPois    .         Spirit   .   (helmet restricted)
rElec    .         Reflect  .   p - +0 cloak
rCorr    .         Harm     .   (gloves unavailable)
MR       +....     NoTele   +   (boots unavailable)
Stlth    +++++.....             (no amulet)
HPRegen  0.13/turn              (no ring)
MPRegen  0.11/turn              (no ring)

@: barbed spikes, berserk cooldown, slowed, quick
A: very small, unfitting armour, see invisible, herbivore, speed 3, slow
metabolism 2
a: Berserk, Trog's Hand, Brothers in Arms, Renounce Religion


You were in the Dungeon.
You worshipped Trog.
Trog was extremely pleased with you.
You were hungry.

You visited 1 branch

Inventory:

Hand Weapons
 a - a +0 short sword
 m - a +2 rapier of distortion (weapon)
Armour
 b - a +0 animal skin (worn)
 p - a +0 cloak (worn)
Jewellery
 n - a +2 ring of protection
 o - a +3 ring of intelligence
Wands
 l - a wand of iceblast (7)
Scrolls
 i - 2 scrolls of blinking
 k - 3 scrolls of remove curse
Potions
 d - 5 potions of curing
 e - 3 potions of heal wounds
 f - a potion of haste
 g - 4 potions of magic
 h - a potion of berserk rage
 j - a potion of invisibility
Comestibles
 c - a ration


   Skills:
 + Level 6.5 Fighting
 * Level 13.3 Short Blades
 + Level 10.9 Dodging
 * Level 10.2 Stealth


You had 6 spell levels left.
You didn't know any spells.

Dungeon Overview and Level Annotations

Branches:
Dungeon (1/1)

Altars:
Cheibriados
Dithmenos
Elyvilon
Fedhas
Gozag
Hepliaklqana
Kikubaaqudgha
Makhleb
Nemelex Xobeh
Okawaru
Qazlal
Ru
Sif Muna
Trog
Uskayaw
Vehumet
Wu Jian
Xom
Yredelemnul
Zin
The Shining One
Beogh
Jiyva
Lugonu


Innate Abilities, Weirdness & Mutations

You are very small and have problems with some larger weapons.
You are too small for most types of armour.
You have supernaturally acute eyesight. (SInv)
You are a herbivore.
You cover ground extremely quickly.
You need to consume almost no food.


Message History

The manticore flicks its tail.
The volley of spikes misses you.
Evoke which item? (* to show all) (? for menu, Esc to quit)
Aiming: Iceblast
Press: ? - help, Shift-Dir - straight line, f/p - manticore
Aim: a manticore (moderately wounded)
The mass of ice explodes!
The iceblast engulfs the manticore.
The manticore is heavily wounded.
The manticore flicks its tail.
The volley of spikes misses you.
You hit the manticore but do no damage.
Space bends around the manticore.
The manticore is heavily wounded.
The manticore completely misses you. x2; The manticore barely misses you.
You hit the manticore.
The manticore is severely wounded.
The manticore blinks!
The manticore flicks its tail.
The volley of spikes hits you!
The barbed spikes become lodged in your body.
You die...

▓÷▓
▓)▓
▓(▓
▓.▓
▓.▓
▓(▓
▓†▓
▓)▓
▓@▓
▓§▓
▓.▓
▓)▓
▓H▓
▓+▓


You could see a manticore.

Vanquished Creatures
  A cyclops (D)
  2 centaurs (D)
  A big kobold (D)
  A hound (D)
  A worker ant (D)
  2 adders (D)
  2 dart slugs (D)
  2 leopard geckos (D)
  An orc (D)
  A bat zombie (D)
  A giant cockroach (D)
  A quokka (D)
  A bat (D)
  A frilled lizard (D)
18 creatures vanquished.

Vanquished Creatures (others)
  A troll (D)
  An orc (D)
2 creatures vanquished.

Grand Total: 20 creatures vanquished

Notes
Turn   | Place    | Note
-------+----------+-------------------------------------------
     0 | D        | KillingSpree the Spriggan Berserker began the quest for the Orb.
     0 | D        | Reached XP level 1. HP: 11/11 MP: 2/2
     5 | D        | Reached skill level 1 in Stealth
     8 | D        | Reached skill level 4 in Short Blades
    13 | D        | Reached ** piety under Trog
    13 | D        | Reached skill level 5 in Dodging
    14 | D        | Reached XP level 2. HP: 14/16 MP: 3/3
   125 | D        | Noticed a centaur
   135 | D        | Killed a centaur
   135 | D        | Reached *** piety under Trog
   135 | D        | Reached skill level 7 in Short Blades
   135 | D        | Reached skill level 5 in Stealth
   135 | D        | Reached XP level 3. HP: 17/21 MP: 4/4
   135 | D        | Reached XP level 4. HP: 20/25 MP: 5/5
   178 | D        | Found a roughly hewn altar of Beogh.
   178 | D        | Found a snail-covered altar of Cheibriados.
   178 | D        | Found a shadowy altar of Dithmenos.
   178 | D        | Found a white marble altar of Elyvilon.
   178 | D        | Found a blossoming altar of Fedhas.
   178 | D        | Found an opulent altar of Gozag.
   179 | D        | Found a hazy altar of Hepliaklqana.
   180 | D        | Found a viscous altar of Jiyva.
   181 | D        | Found an ancient bone altar of Kikubaaqudgha.
   182 | D        | Found a corrupted altar of Lugonu.
   183 | D        | Found a burning altar of Makhleb.
   184 | D        | Found a sparkling altar of Nemelex Xobeh.
   185 | D        | Found an iron altar of Okawaru.
   186 | D        | Found a stormy altar of Qazlal.
   187 | D        | Found a sacrificial altar of Ru.
   188 | D        | Found a deep blue altar of Sif Muna.
   189 | D        | Found a bloodstained altar of Trog.
   190 | D        | Found a hide-covered altar of Uskayaw.
   191 | D        | Found a radiant altar of Vehumet.
   192 | D        | Found an ornate altar of the Wu Jian Council.
   193 | D        | Found a shimmering altar of Xom.
   194 | D        | Found a basalt altar of Yredelemnul.
   195 | D        | Found a glowing silver altar of Zin.
   196 | D        | Found a glowing golden altar of the Shining One.
   295 | D        | Noticed a centaur
   313 | D        | Reached **** piety under Trog
   318 | D        | Killed a centaur
   318 | D        | Reached skill level 9 in Short Blades
   318 | D        | Reached XP level 5. HP: 9/30 MP: 6/6
   532 | D        | Noticed a troll
   532 | D        | Noticed a cyclops
   532 | D        | Noticed a manticore
   535 | D        | Reached skill level 5 in Fighting
   541 | D        | Reached ***** piety under Trog
   541 | D        | Reached skill level 10 in Short Blades
   541 | D        | Reached XP level 6. HP: 35/35 MP: 7/7
   546 | D        | Banished a troll
   546 | D        | Reached skill level 11 in Short Blades
   550 | D        | Killed a cyclops
   550 | D        | Reached skill level 13 in Short Blades
   550 | D        | Reached skill level 10 in Dodging
   550 | D        | Reached skill level 10 in Stealth
   550 | D        | Reached XP level 7. HP: 38/41 MP: 8/8
   556 | D        | Killed from afar by a manticore

Vault maps used:
D:        linesprint

Skill      XL: |  1  2  3  4  5  6 |
---------------+-------------------+-----
Stealth        | 2 5 6 7 10 | 10.2
Short Blades   | 4 7 9 10 13 | 13.3
Dodging        | 5 6 8 10 | 10.9
Fighting       | 3 4 5 6 |  6.5

Action                   |  1- 3 |  4- 6 |  7- 9 || total
-------------------------+-------+-------+-------++-------
Melee: Short sword       |    16 |     6 |       ||    22
       Rapier            |       |    40 |     2 ||    42
Invok: Berserk           |     2 |     1 |       ||     3
Evoke: Wand              |       |       |     3 ||     3
 Stab: Sleeping          |     2 |       |       ||     2
Armor: Animal skin       |       |     3 |       ||     3
Dodge: Dodged            |     7 |    26 |     6 ||    39

Table legend:
 A = Spawn XP
 B = Non-spawn XP
 C = Spawn XP percentage of total XP
 D = Spawn monster count
 E = Non-spawn monster count
 F = Spawn count percentage of total count
 G = Total turns spent on level
                    A         B        C        D         E        F      G
               +---------+---------+-------+---------+---------+-------+---------
         Total |       0 |    1306 |   0.0 |       0 |      20 |   0.0 |   556
               +---------+---------+-------+---------+---------+-------+---------
             D |       0 |    1306 |   0.0 |       0 |      20 |   0.0 |   556
               +---------+---------+-------+---------+---------+-------+---------
